 Dungeon Crawl Stone Soup version 0.31.0-32-g396128a36d (webtiles) character file.

Game seed: 5348248978869403541

117501 purpleHaze the Lord of Darkness (level 16, 0/116 HPs)
             Began as a Human Earth Elementalist on Mar 10, 2024.
             Was the Champion of Kikubaaqudgha.
             Slain by a +4 long sword of holy wrath (12 damage)
             ... on level 2 of the Elven Halls.
             The game lasted 01:47:50 (33494 turns).

purpleHaze the Lord of Darkness (HuEE)             Turns: 33494, Time: 01:47:50

Health: 0/116      AC: 20    Str: 10    XL:     16   Next: 74%
Magic:  0/35       EV: 32    Int: 26    God:    Kikubaaqudgha [******]
Gold:   301        SH:  0    Dex: 17    Spells: 1/46 levels left

rFire   . . .        i - +9 falchion of Cataclysm {drain, rElec rF+}
rCold   . . .        j - orb {*channel}
rNeg    . . .        X - +3 leather armour {Will+}
rPois   .            Z - +2 helmet {SInv}
rElec   +            M - +2 cloak
rCorr   .            c - +0 pair of gloves
SInv    +            t - +1 pair of boots "Zicelerr" {rF+ Dex+3}
Will    ++...        a - amulet of the acrobat
Stlth   ++           N - +4 ring of protection
HPRegen 0.39/turn    y - +6 ring of intelligence
MPRegen 0.24/turn

%: acrobat, channel magic (20%)
@: acrobatic, hasted, studying Dodging, very quick
A: explore regen, dopey 1, heat vulnerability 2
a: Renounce Religion, Unearth Wretches, Torment


You were on level 2 of the Elven Halls.
You worshipped Kikubaaqudgha.
Kikubaaqudgha was exalted by your worship.
You visited 6 branches of the dungeon, and saw 27 of its levels.
You also visited: Sewer.

You collected 2249 gold pieces.
You spent 1948 gold pieces at shops.

Inventory:

Hand Weapons
 i - the +9 falchion of Cataclysm (weapon) {drain, rElec rF+}
   (You found it on level 15 of the Dungeon)

   rF+:       It protects you from fire.
   rElec:     It insulates you from electricity.
Missiles
 B - 3 throwing nets
Armour
 c - a +0 pair of gloves (worn)
 j - an orb of energy (worn)
 t - the +1 pair of boots "Zicelerr" (worn) {rF+ Dex+3}
   (You acquired it on level 1 of the Lair of Beasts)

   Dex+3:     It affects your dexterity (+3).
   rF+:       It protects you from fire.
 C - the +1 leather armour of Lies {+Inv Fly rElec Int-4}
   (You bought it in a shop on level 15 of the Dungeon)

   Int-4:     It affects your intelligence (-4).
   rElec:     It insulates you from electricity.
   +Inv:      It lets you turn invisible.
   Fly:       It grants you flight.
 M - a +2 cloak (worn)
 X - a +3 leather armour of willpower (worn)
 Z - a +2 helmet of see invisible (worn)
Jewellery
 a - an amulet of the acrobat (around neck)
 y - a +6 ring of intelligence (right hand)
 N - a +4 ring of protection (left hand)
 P - a ring of see invisible
 S - a ring of protection from cold
 Y - a ring of positive energy
Wands
 r - a wand of flame (18)
 v - a wand of digging (6)
 x - a wand of iceblast (4)
 D - a wand of charming (25)
 R - a wand of mindburst (17)
Scrolls
 f - 4 scrolls of enchant weapon
 g - 3 scrolls of revelation
 h - 3 scrolls of fear
 l - a scroll of teleportation
 n - 4 scrolls of immolation
 o - a scroll of summoning
 q - a scroll of poison {unknown}
 w - 4 scrolls of vulnerability
 E - 6 scrolls of fog
 G - a scroll of identify
 I - a scroll of amnesia
 J - 3 scrolls of noise {unknown}
 L - 2 scrolls of blinking
Potions
 b - 4 potions of magic
 d - 7 potions of attraction
 e - a potion of ambrosia {unknown}
 k - 2 potions of invisibility
 m - 2 potions of curing
 p - 5 potions of haste
 s - 2 potions of might
 u - 7 potions of heal wounds
 z - 2 potions of berserk rage {unknown}
 A - 3 potions of cancellation
 F - 4 potions of enlightenment
 H - 2 potions of lignification
 K - a potion of resistance
 T - 2 potions of brilliance
Miscellaneous
 V - a phial of floods


   Skills:
 - Level 7.6 Fighting
 - Level 5.0 Armour
 + Level 10.2 Dodging
 - Level 2.0 Stealth
 + Level 15.5 Spellcasting
 - Level 8.6 Conjurations
 + Level 15.6 Necromancy
 + Level 12.5 Earth Magic


You had one spell level left.
You knew the following spells:

 Your Spells              Type           Power      Damage    Failure   Level
a - Sandblast             Erth           100%       2d20      1%          1
b - Animate Dead          Necr           80%        N/A       1%          4
c - Stone Arrow           Conj/Erth      100%       3d13      1%          3
d - Brom's Barrelling Bo  Conj/Erth      66%        2d8       3%          4
e - Dispel Undead         Necr           80%        3d26      1%          4
f - Death Channel         Necr           40%        N/A       4%          6
g - Passwall              Erth           71%        N/A       1%          3
h - Borgnjor's Vile Clut  Necr/Erth      38%        N/A       2%          5
i - Infestation           Necr           40%        N/A       56%         8
j - Haunt                 Necr/Summ      28%        N/A       89%         7

Your spell library contained the following spells:

 Spells                   Type           Power      Damage    Failure   Level
 Necrotise                Necr           100%       1d9       1%          1
 Foxfire                  Conj/Fire      100%       2x1d9     3%          1
 Slow                     Hex            80%        N/A       12%         1
 Sublimation of Blood     Necr           80%        N/A       1%          2
 Fugue of the Fallen      Necr           80%        N/A       1%          3
 Vampiric Draining        Necr           80%        2d11      1%          3
 Curse of Agony           Necr           80%        N/A       1%          5
 Cigotuvi's Dreadful Rot  Necr/Alch/Air  94%        N/A       4%          2
 Martyr's Knell           Necr/Summ      57%        N/A       6%          4
 Hailstorm                Conj/Ice       42%        3d9       8%          3
 Animate Armour           Summ/Erth      100%       N/A       10%         4
 Petrify                  Alch/Erth      52%        N/A       10%         4
 Call Imp                 Summ           40%        N/A       16%         2
 Fulminant Prism          Conj/Alch      21%        3d12      17%         4
 Iskenderun's Mystic Bla  Conj/Tloc      42%        2d10      17%         4
 Confusing Touch          Hex            20%        N/A       26%         3
 Ozocubu's Armour         Ice            20%        N/A       26%         3
 Sigil of Binding         Hex            20%        N/A       26%         3
 Volatile Blastmotes      Fire/Tloc      40%        2d13      26%         3
 Manifold Assault         Tloc           20%        N/A       56%         4
 Borgnjor's Revivificati  Necr           40%        N/A       56%         8
 Starburst                Conj/Fire      21%        6d7       83%         6
 Alistair's Intoxication  Alch           13%        N/A       85%         5
 Lehudib's Crystal Spear  Conj/Erth      33%        10d8      99%         8
 Eringya's Noxious Bog    Alch           10%        4d6       100%        6
 Plasma Beam              Fire/Air       10%        2x1d21    100%        6
 Summon Hydra             Summ           10%        N/A       100%        7
 Death's Door             Necr           40%        N/A       100%        9


Dungeon Overview and Level Annotations

Branches:
Dungeon (15/15)            Temple (1/1) D:7            Lair (5/5) D:9
 Shoals (0/4) Lair:3        Snake (0/4) Lair:2        Slime (0/5) Lair:4
    Orc (2/2) D:12            Elf (2/3) Orc:2        Vaults (0/5) D:14
 Depths (2/4) D:15          Sewer (visited)

Altars:
Ashenzari
Cheibriados
Dithmenos
Elyvilon
Fedhas
Gozag
Hepliaklqana
Kikubaaqudgha
Makhleb
Nemelex Xobeh
Okawaru
Qazlal
Ru
Sif Muna
Trog
Uskayaw
Vehumet
Wu Jian
Xom
Yredelemnul
Zin
The Shining One
Jiyva

Shops:
D:1 :   D:6 ?   D:15 [   Orc:2 :!*[=

Portals:
Abyss: D:12
Pandemonium: Orc:2
Trove: D:12 (give +2 ice dragon scales)

Annotations:
D:8 1 runed translucent door, nitefall's ghost, novice MiBe
D:12 2 transporters, Jorgrun; riffraff's ghost, journeyman MiBe
D:14 exclusion: obsidian statue
Orc:1 3 runed translucent doors, Dmuffinman's ghost, journeyman MiBe; Kisosi's ghost, journeyman DDFi; riffraff's ghost, journeyman MiBe
Elf:2 5 runed translucent doors


Innate Abilities, Weirdness & Mutations

You regain HP and MP as you explore.
You are dopey. (Int -2)
You are very vulnerable to heat. (rF--)


Message History

The spriggan berserker attacks as it pursues you!
The spriggan berserker hits you with a +0 antimagic war axe.
You feel your power leaking away.
Casting: Borgnjor's Vile Clutch (dangerous; 2% risk of failure)
Confirm with . or Enter, or press ? or * to list all spells.
Aiming: Borgnjor's Vile Clutch (dangerous; 2% risk of failure)
Press: ? - help, Shift-Dir - straight line Zombie hands grab the spriggan berserker. x2
The zombie hands constrict the spriggan berserker. x2
The zombie hands constrict the +4 long sword of holy wrath.
The spriggan berserker closely misses you.
The +4 long sword of holy wrath escapes!
The spriggan berserker struggles to escape constriction.
The zombie hands constrict the spriggan berserker. x2
The spriggan berserker struggles to escape constriction. x2
The spriggan berserker rages.
The spriggan berserker struggles to escape constriction.
Casting: Borgnjor's Vile Clutch (dangerous; 2% risk of failure)
Confirm with . or Enter, or press ? or * to list all spells.
Okay, then.
You are too injured to fight recklessly!
You are too injured to fight recklessly!
Unknown command.
Unknown command.
The zombie hands constrict the spriggan berserker. x2
The spriggan berserker escapes!
The spriggan berserker struggles to escape constriction.
Casting: Borgnjor's Vile Clutch (dangerous; 2% risk of failure)
Confirm with . or Enter, or press ? or * to list all spells.
You don't have enough magic to cast this spell.
The zombie hands constrict the spriggan berserker.
The spriggan berserker escapes!
The spriggan berserker hits you with a +0 antimagic war axe!!!
* * * LOW HITPOINT WARNING * * *
You feel your power leaking away.
Unknown command.
The spriggan berserker completely misses you.
The +4 long sword of holy wrath hits you!
You die...
Kikubaaqudgha rasps: "You have failed me!
Welcome... death!"

###.....##
.####........##
###...........####
#.................
#.............####
#............##
#:........i.##
#........(i.#
..........@.#
#...........#
###.......###
###...### #####


You could see 2 spriggan berserkers and a +4 long sword of holy wrath.

Vanquished Creatures
  Rupert (Orc:2)
  Frances (D:12)
  Nessos (D:12)
  The ghost of DildoBatman the Geomancer, a journeyman FoCj of Gozag (Lair:3)
  A minotaur (D:15)
  A fire dragon (Lair:5)
  2 vault guards (D:14)
  An ogre mage (D:15)
  3 demonspawn (Orc:2)
  2 centaur warriors
  6 hydras
  4 catoblepae
  6 two-headed ogres
  3 dancing weapons
  3 boulder beetles
  The ghost of Doomgape the Basher, a journeyman GrFi of Hepliaklqana (D:10)
  A deep troll earth mage (D:14)
  A tengu warrior (D:15)
  Urug (D:11)
  A spriggan berserker (Elf:2)
  The ghost of kalagan the Thaumaturge, a journeyman DECj of Sif Muna (D:11)
  5 orc high priests (Orc:2)
  A soul eater (Orc:2)
  5 deep elf knights
  5 skeletal warriors
  The ghost of Doomgape the Covert, a novice SpCj (D:15)
  8 deep elf archers (Elf:1)
  An arcanist (D:14)
  A lindwurm (Lair:5)
  7 deep elf pyromancers
  A wolf spider (Lair:5)
  14 deep elf zephyrmancers
  6 orc knights
  8 orc sorcerers
  20 ugly things
  2 manticores
  4 cyclopes
  A meliai (D:15)
  6 elephants
  10 black mambas
  A spectral centaur (D:11)
  2 centaur zombies (D:11)
  3 kobold blastminers (Orc:1)
  6 cane toads
  2 molten gargoyles (Lair:5)
  3 gargoyles (D:14)
  An efreet (D:15)
  7 komodo dragons
  A freezing wraith (D:15)
  Psyche (D:11)
  2 yaktaurs (D:15)
  2 tengu conjurers
  3 trolls
  2 hornets
  2 polar bears
  3 blink frogs (Lair:1)
  A dream sheep (Lair:4)
  5 slime creatures
  A snapping turtle (Lair:3)
  27 yaks
  2 water elementals
  2 centaur simulacra
  A shadow (D:11)
  3 vampires
  3 air elementals (Elf:1)
  Eustachio (D:4)
  6 wyverns
  A wraith (D:13)
  10 basilisks
  4 wargs (Orc:1)
  A steam dragon (Lair:5)
  4 vampire mosquitoes
  A neqoxec (Orc:2)
  A death yak simulacrum (Orc:2)
  A chaos spawn (Orc:2)
  2 nagas (Lair:2)
  12 water moccasins
  4 hell hounds (Lair:5)
  3 ice beasts
  4 black bears
  A sky beast (D:7)
  24 orc warriors
  7 ogres
  4 boggarts (D:15)
  10 wolves
  5 centaurs
  3 phantoms
  3 kobold brigands
  An earth elemental (Elf:1)
  12 bullfrogs
  2 gnoll sergeants
  3 two-headed ogre simulacra (Orc:2)
  2 scorpions
  3 wights (D:6)
  16 killer bees
  3 electric eels (Lair:3)
  5 lava snakes (Lair:5)
  A crimson imp (D:5)
  2 hounds
  A bombardier beetle (D:4)
  2 gnoll boudas
  A jelly (D:6)
  23 orc priests
  9 iguanas
  Natasha (thrice) (D:2)
  23 orc wizards
  4 hell rats (Lair:2)
  2 spriggan simulacra (Orc:2)
  A wolf simulacrum (Orc:2)
  6 adders
  20 gnolls
  A naga simulacrum (Orc:2)
  3 river rats (Sewer)
  A shadow imp (D:5)
  2 white imps
  A ribbon worm (D:6)
  4 dart slugs
  65 orcs
  4 bats
  9 endoplasms
  A giant cockroach (D:2)
  10 goblins
  13 hobgoblins
  A jackal (D:2)
  7 quokkas
  12 ball pythons
  7 frilled lizards
  33 kobolds
  19 rats
684 creatures vanquished.

Vanquished Creatures (collateral kills)
  A two-headed ogre (D:11)
  A boulder beetle (D:10)
  An orc high priest (Orc:2)
  2 skysharks
  A deep elf zephyrmancer (Elf:1)
  A deep elf pyromancer (D:11)
  A wolf spider (Lair:5)
  2 ugly things (D:14)
  5 elephants
  A kobold blastminer (Orc:1)
  2 black mambas (Lair:5)
  A rime drake (Lair:4)
  A yaktaur (D:15)
  5 komodo dragons
  A polar bear (Lair:5)
  3 dream sheep (Lair:4)
  A wyvern (Lair:5)
  2 steam dragons (Lair:5)
  14 yaks
  A neqoxec (Orc:2)
  A naga (Lair:2)
  3 water moccasins
  An orc warrior (Orc:1)
  2 ogres (Orc:2)
  3 wolves
  A bullfrog (Lair:3)
  3 hell rats (Lair:2)
  8 orcs
  21 boulders
90 creatures vanquished.

Vanquished Creatures (others)
  A deep elf knight (Elf:1)
  An orc knight (Orc:2)
  2 deep elf pyromancers
  A deep elf zephyrmancer (Elf:1)
  2 black mamba zombies
  A water elemental (Elf:1)
  A cane toad zombie (Lair:3)
  2 orc warriors
  2 blink frog zombies (Lair:1)
  8 elephant zombies
  2 water moccasin zombies (Lair:1)
  7 yak zombies
  A killer bee (D:10)
  4 wolf zombies (Lair:2)
  A bullfrog zombie (Lair:3)
  A black bear zombie (Lair:1)
  An orc wizard (Orc:2)
  A killer bee zombie (D:10)
  An orc (Orc:2)
  4 gnoll zombies (D:11)
  3 orc zombies (D:11)
  35 boulders
82 creatures vanquished.

Grand Total: 856 creatures vanquished

Notes
Turn   | Place    | Note
-------+----------+-------------------------------------------
     0 | D:1      | purpleHaze the Human Earth Elementalist began the quest for
                  | the Orb.
     0 | D:1      | Reached XP level 1. HP: 13/13 MP: 3/3
   114 | D:1      | Reached XP level 2. HP: 19/19 MP: 1/5
   234 | D:1      | Found Piyzaw's Vocational Training.
   509 | D:1      | Reached XP level 3. HP: 21/24 MP: 3/6
  1371 | D:2      | Found a burning altar of Makhleb.
  1473 | D:2      | Reached XP level 4. HP: 30/30 MP: 6/8
  1634 | D:2      | Noticed Natasha
  1637 | D:2      | Killed Natasha
  1739 | D:2      | Noticed Natasha
  1748 | D:2      | Killed Natasha
  2020 | D:2      | Noticed Natasha
  2029 | D:2      | Killed Natasha
  2030 | D:2      | Reached XP level 5. HP: 30/35 MP: 4/10
  2437 | D:3      | Found a stormy altar of Qazlal.
  2710 | D:4      | Noticed a phantom
  2721 | D:4      | Killed a phantom
  2722 | D:4      | Reached skill level 5 in Earth Magic
  2722 | D:4      | Reached XP level 6. HP: 13/41 MP: 7/12
  3006 | D:4      | Noticed Eustachio
  3120 | D:4      | Killed Eustachio
  3281 | D:4      | Reached XP level 7. HP: 46/46 MP: 11/14
  3287 | D:4      | Reached skill level 5 in Spellcasting
  3949 | D:5      | Entered Level 5 of the Dungeon
  4118 | D:5      | Found a glowing drain.
  4126 | Sewer    | Entered a sewer
  4221 | Sewer    | Learned a level 3 spell: Fugue of the Fallen
  4279 | Sewer    | HP: 2/47 [river rat (3)]
  4281 | Sewer    | Reached XP level 8. HP: 3/53 MP: 12/16
  4572 | Sewer    | Reached skill level 1 in Necromancy
  4981 | D:5      | Reached skill level 1 in Fighting
  5048 | D:5      | Found a shimmering blue altar of Sif Muna.
  5259 | D:5      | Found a burning altar of Makhleb.
  5391 | D:5      | Found a glowing silver altar of Zin.
  6100 | D:5      | Learned a level 3 spell: Stone Arrow
  6105 | D:5      | Learned a level 4 spell: Brom's Barrelling Boulder
  6204 | D:6      | Found a shimmering altar of Xom.
  6241 | D:6      | Reached XP level 9. HP: 64/64 MP: 15/19
  6345 | D:6      | Found a glowing golden altar of the Shining One.
  6407 | D:6      | Noticed a hornet
  6413 | D:6      | Killed a hornet
  6485 | D:6      | Learned a level 4 spell: Dispel Undead
  6492 | D:6      | Learned a level 6 spell: Death Channel
  6577 | D:6      | Found The Oracle's Delphic Readings.
  6581 | D:6      | Bought a scroll of fog for 56 gold pieces
  6581 | D:6      | Bought a scroll of identify for 28 gold pieces
  6581 | D:6      | Bought a scroll of amnesia for 56 gold pieces
  6865 | D:6      | Found a snail-covered altar of Cheibriados.
  7009 | D:7      | Found a staircase to the Ecumenical Temple.
  7034 | Temple   | Entered the Ecumenical Temple
  7041 | Temple   | Became a worshipper of Kikubaaqudgha
  7653 | D:7      | Reached skill level 5 in Fighting
  7653 | D:7      | Reached skill level 5 in Necromancy
  8032 | D:8      | Reached XP level 10. HP: 74/74 MP: 19/21
  8079 | D:8      | Reached * piety under Kikubaaqudgha
  8079 | D:8      | Received a gift from Kikubaaqudgha
  8491 | D:8      | Found a runed translucent door.
  8494 | D:8      | Identified the +9 spear of the Living Dead {flame, Str+3}
  8494 | D:8      | Noticed nitefall's ghost (novice MiBe)
  8682 | D:8      | Noticed a two-headed ogre
  8687 | D:8      | Killed a two-headed ogre
  8707 | D:8      | Found a sparkling altar of Nemelex Xobeh.
  9202 | D:9      | Reached ** piety under Kikubaaqudgha
  9311 | D:9      | Found an ornate altar of the Wu Jian Council.
  9492 | D:9      | Reached XP level 11. HP: 83/83 MP: 20/23
  9532 | D:9      | Found a staircase to the Lair.
  9674 | D:9      | Found a sacrificial altar of Ru.
 10182 | D:9      | Found a broken altar of Ashenzari.
 10497 | D:9      | Learned a level 3 spell: Passwall
 10725 | D:10     | Entered Level 10 of the Dungeon
 10760 | D:10     | You fall into a shaft and drop 1 floor!
 10766 | D:11     | Noticed Psyche
 10769 | D:11     | Killed Psyche
 10770 | D:11     | Reached skill level 10 in Earth Magic
 10788 | D:10     | Learned a level 4 spell: Animate Dead
 11046 | D:10     | Noticed a boulder beetle
 11058 | D:10     | Killed a boulder beetle
 11237 | D:10     | Found a large runed translucent door.
 11237 | D:10     | Found a large runed translucent door.
 11242 | D:10     | Noticed Doomgape's ghost (journeyman GrFi)
 11443 | D:10     | Found a white marble altar of Elyvilon.
 11986 | D:11     | Noticed a deep elf pyromancer
 12141 | D:11     | Found a runed translucent gate.
 12145 | D:11     | Found a runed translucent gate.
 12145 | D:11     | Found a runed translucent gate.
 12148 | D:11     | Noticed kalagan's ghost (journeyman DECj)
 12163 | D:11     | Noticed a red ugly thing
 12174 | D:11     | Killed a red ugly thing
 12360 | D:11     | Noticed a two-headed ogre
 12368 | D:11     | Killed a two-headed ogre
 12411 | D:11     | Noticed a deep elf pyromancer
 12426 | D:11     | Killed a deep elf pyromancer
 12634 | D:11     | Killed a deep elf pyromancer
 12734 | D:12     | Noticed a two-headed ogre
 12737 | D:12     | Noticed Urug
 12743 | D:11     | Reached *** piety under Kikubaaqudgha
 12743 | D:11     | Received a gift from Kikubaaqudgha
 12759 | D:12     | Noticed Nessos
 12991 | D:12     | Noticed Frances
 12991 | D:12     | Noticed a two-headed ogre
 13079 | Lair:1   | Entered Level 1 of the Lair of Beasts
 13087 | Lair:1   | Reached skill level 10 in Spellcasting
 13087 | Lair:1   | Reached XP level 12. HP: 84/92 MP: 20/26
 13436 | Lair:1   | Noticed a boulder beetle
 13448 | Lair:1   | Noticed a catoblepas
 13449 | Lair:1   | Reached skill level 5 in Conjurations
 13460 | Lair:1   | Noticed a catoblepas
 13565 | Lair:1   | Killed a catoblepas
 13838 | Lair:1   | Killed a catoblepas
 13958 | Lair:1   | Killed a boulder beetle
 14270 | Lair:1   | Identified a scroll of acquirement
 14271 | Lair:1   | Acquired the +1 pair of boots "Zicelerr" {rF+ Dex+3}
 14284 | Lair:2   | Noticed a skyshark
 14376 | Lair:2   | Reached skill level 10 in Necromancy
 14410 | Lair:2   | Killed a skyshark
 14615 | Lair:2   | Noticed a five-headed hydra
 14623 | Lair:2   | Killed a five-headed hydra
 14823 | Lair:2   | Reached **** piety under Kikubaaqudgha
 14851 | Lair:2   | Reached XP level 13. HP: 53/98 MP: 2/28
 15550 | Lair:2   | Found a staircase to the Snake Pit.
 16668 | Lair:3   | Learned a level 5 spell: Borgnjor's Vile Clutch
 16717 | Lair:3   | Found a runed translucent door.
 16721 | Lair:3   | Noticed DildoBatman's ghost (journeyman FoCj)
 16758 | Lair:3   | Killed DildoBatman's ghost
 16885 | Lair:3   | Found a staircase to the Shoals.
 17303 | Lair:4   | Found a staircase to the Slime Pits.
 17304 | Lair:4   | Found a viscous altar of Jiyva.
 17480 | Lair:4   | Reached skill level 1 in Armour
 17495 | Lair:4   | Reached ***** piety under Kikubaaqudgha
 18225 | Lair:5   | Entered Level 5 of the Lair of Beasts
 18776 | Lair:5   | Reached XP level 14. HP: 63/104 MP: 26/30
 19032 | Lair:5   | Reached skill level 5 in Armour
 19313 | Lair:5   | Found a large runed translucent door.
 19313 | Lair:5   | Found a large runed translucent door.
 20229 | D:10     | Killed Doomgape's ghost
 20298 | D:10     | Got the Disquisition on the Impact
 20460 | D:11     | Killed kalagan's ghost
 21046 | D:11     | Killed Urug
 21306 | D:12     | Found a transporter.
 21317 | D:12     | Found a portal to a secret trove of treasure.
 21335 | D:12     | Noticed riffraff's ghost (journeyman MiBe)
 21338 | D:12     | Identified the ring of the Madman {rElec MP+9}
 21434 | D:12     | Killed Frances
 21540 | D:12     | Found a staircase to the Orcish Mines.
 21853 | D:12     | Found a one-way gate to the infinite horrors of the Abyss.
 21868 | D:12     | Found a transporter.
 21900 | D:12     | Noticed Jorgrun
 22059 | D:13     | Reached ****** piety under Kikubaaqudgha
 22060 | D:13     | Received a gift from Kikubaaqudgha (forbidden knowledge)
 23663 | D:14     | Reached XP level 15. HP: 86/110 MP: 23/33
 23672 | D:14     | Learned a level 8 spell: Infestation
 24042 | D:14     | Reached skill level 5 in Dodging
 25040 | D:14     | Found a gate to the Vaults.
 25048 | D:14     | Identified the storm talisman "Fadghoor" {rC+ Will+ Int+3}
 25102 | D:15     | Entered Level 15 of the Dungeon
 25976 | D:15     | Found a runed translucent gate.
 25977 | D:15     | Found a runed translucent gate.
 25978 | D:15     | Found a runed translucent gate.
 25983 | D:15     | Noticed Doomgape's ghost (novice SpCj)
 26027 | D:15     | Found a stormy altar of Qazlal.
 26074 | D:15     | Found a shadowy altar of Dithmenos.
 27125 | D:15     | Found Soufroadwue's Antique Armour Emporium.
 27129 | D:15     | Identified the +9 falchion of Cataclysm {drain, rElec rF+}
 27136 | D:15     | Bought a shimmering leather armour for 252 gold pieces
 27136 | D:15     | Identified the +1 leather armour of Lies {+Inv Fly rElec
                  | Int-4} (You bought it in a shop on level 15 of the Dungeon)
 27136 | D:15     | Bought a runed helmet for 270 gold pieces
 27204 | D:15     | Found a staircase to the Depths.
 27471 | D:15     | Killed Doomgape's ghost
 27859 | D:15     | Identified the +0 cloak "Wiciqis" {Harm Will+ MP-9 Dex+4}
 27927 | D:15     | Bought a glowing cloak for 270 gold pieces
 27954 | Depths:1 | Entered Level 1 of the Depths
 28439 | D:12     | Killed Nessos
 28454 | Orc:1    | Entered Level 1 of the Orcish Mines
 28652 | Orc:2    | Entered Level 2 of the Orcish Mines
 28652 | Orc:2    | Noticed Rupert
 28817 | Orc:1    | Found a runed translucent gate.
 28817 | Orc:1    | Found a runed translucent gate.
 28817 | Orc:1    | Found a runed translucent gate.
 28818 | Orc:1    | Noticed riffraff's ghost (journeyman MiBe)
 28818 | Orc:1    | Noticed Kisosi's ghost (journeyman DDFi)
 28818 | Orc:1    | Noticed Dmuffinman's ghost (journeyman MiBe)
 29756 | Orc:2    | Found a staircase to the Elven Halls.
 29837 | Orc:2    | Found Dalazudd's Distillery.
 29923 | Orc:2    | Killed Rupert
 29966 | Orc:2    | Found Dofukaw's Book Shoppe.
 29974 | Orc:2    | Bought a manual of Dodging for 880 gold pieces
 30065 | Orc:2    | Found Dadam's General Store.
 30069 | Orc:2    | Gained mutation: You are vulnerable to heat. (rF-) [a
                  | neqoxec]
 30076 | Orc:2    | Reached XP level 16. HP: 111/116 MP: 31/34
 30127 | Orc:2    | Bought a potion of invisibility for 136 gold pieces
 30284 | Orc:2    | Reached skill level 15 in Necromancy
 30469 | Orc:2    | Reached skill level 15 in Spellcasting
 30484 | Orc:2    | Gained mutation: You are very vulnerable to heat. (rF--) [a
                  | neqoxec]
 30485 | Orc:2    | Gained mutation: You are covered in fur. (AC +1) [a
                  | neqoxec]
 30749 | Orc:2    | Lost mutation: You are covered in fur. (AC +1) [potion of
                  | mutation]
 30749 | Orc:2    | Lost mutation: You are very vulnerable to heat. (rF--)
                  | [potion of mutation]
 30749 | Orc:2    | Gained mutation: You are dopey. (Int -2) [potion of
                  | mutation]
 30749 | Orc:2    | Gained mutation: You are very vulnerable to heat. (rF--)
                  | [potion of mutation]
 31811 | Orc:2    | Found Soapnio's Antique Armour Emporium.
 31811 | Orc:2    | Found Haocw's Jewellery Shoppe.
 31812 | Orc:2    | Found a one-way gate leading to the halls of Pandemonium.
 31877 | Orc:2    | Learned a level 7 spell: Haunt
 31878 | Elf:1    | Entered Level 1 of the Elven Halls
 32586 | Elf:1    | Paralysed by an air elemental for 1 turns
 32764 | Elf:1    | Paralysed by an air elemental for 1 turns
 33185 | Elf:1    | You fall into a shaft and drop 1 floor!
 33207 | Elf:2    | Reached skill level 10 in Dodging
 33254 | Elf:2    | Found a huge runed translucent gate.
 33254 | Elf:2    | Found a huge runed translucent gate.
 33254 | Elf:2    | Found a huge runed translucent gate.
 33254 | Elf:2    | Found a huge runed translucent gate.
 33254 | Elf:2    | Found a huge runed translucent gate.
 33494 | Elf:2    | Slain by a +4 long sword of holy wrath

Illustrated notes

Levels and vault maps discovered:
D:1:      dpeg_arrival_rooms_b, layout_basic, nicolae_shop_vocational
D:2:      layout_basic, basic_altar, kennysheep_generic_room_5, uniq_natasha
D:3:      layout_rooms, mainiacjoe_overflow_surrounded_room
D:4:      layout_basic, uniq_eustachio
D:5:      layout_loops_corners, mainiacjoe_overflow_alcove_4,
          general_overflow_altar, makhleb_grotto_becter,
          mainiacjoe_sewer_entry_somewhere_in_here_1, chequers_jeans
D:6:      layout_rooms, kennysheep_little_box, mainiacjoe_overflow_24_doors,
          slow_altar_2, serial_glass, glass_columns_b, glass_columns_b,
          due_unseen_surprise, nicolae_nh_oracle_at_delphi
D:7:      layout_basic, minmay_temple_entry_slanted, minmay_misc_feat_square
D:8:      layout_cave_pools, nemelex_diamond_rough_becter,
          ebering_ghost_funeral_grove, minmay_lizard_king
D:9:      layout_basic, nicolae_ru_sacrificial_ziggurat,
          mainiacjoe_overflow_boulevard, nicolae_wu_jian_wuxing_cycle,
          grunt_lair_entry_orc_guard_hut, minmay_misc_feat_doors
D:10:     layout_irregular_city, kennysheep_mini, ebering_ghost_disaster_area
D:11:     layout_small_grid, gammafunk_ghost_necromancy, uniq_psyche
D:12:     layout_cave_pods, david_orc_3, nicolae_trove_entry_crossroad,
          gammafunk_ghost_abyssal_escape, uniq_jorgrun, uniq_frances, uniq_urug,
          uniq_nessos
D:13:     layout_rooms, nicolae_twisty_statue_hallways
D:14:     minmay_statue_hallways, layout_basic, grunt_vaults_entry_fortified,
          kennysheep_flooded_box
D:15:     hellmonk_depths_entry_around_the_bend, layout_rooms,
          maelrawn_ghost_gauntlet_escape, nicolae_dithmenos_the_darkroom,
          serial_shops, shop, grunt_qazlal_sundering
Temple:   eino_temple_lava
Lair:1:   layout_hall_layers, lemuel_fruit_tree, grunt_megastairs_4
Lair:2:   layout_small_grid, nicolae_snake_entry_squirm,
          nicolae_quartered_pool_little
Lair:3:   layout_misc_corridors, minmay_shoals_entry_hut, gammafunk_ghost_grave,
          serial_bayou_shore_a
Lair:4:   layout_roguey, slime_entry_1
Lair:5:   cheibrodos_lair_end_hotspot, layout_cave_shapes,
          nicolae_lair_run_with_the_wolves
Orc:1:    layout_diamond_mine, gammafunk_ghost_cemetery
Orc:2:    pf_orc_diabolical, layout_caves, portal_ice_cave_entry_ice_simulacra,
          serial_shops, shop, uniq_rupert
Elf:1:    eino_elf_arrival_customs, layout_rooms, kennysheep_underground_church
Elf:2:    elven_hall_of_blades_hangedman_alternative [nicolae_blade_bullseye],
          layout_loops_corners, evilmike_spriggan_trog_shrine
Depths:1: kennysheep_bubbly, layout_gridlike, hell_entry, serial_shops,
          nicolae_shop_statue_plus, hangedman_abyss_or_decor_slice, minivault_1,
          beargit_elvish_explorers
Depths:2: hellmonk_crumbling_castle, layout_gridlike, columned_hall_lemuel,
          lightli_too_deep, rand_demon_pan_entry_3,
          infiniplex_staircase_pillars_2

Skill      XL: |  1  2  3  4  5  6  7  8  9 10 11 12 13 14 15 16 |
---------------+-------------------------------------------------+-----
Spellcasting   | 3 4 5 6 7 8 10 11 12 14 15 | 15.5
Earth Magic    | 4 5 6 7 8 9 10 11 12 | 12.5
Necromancy     | 3 5 6 8 10 12 13 14 15 | 15.6
Fighting       | 3 5 6 7 |  7.6
Conjurations   | 4 7 8 |  8.6
Armour         | 4 5 |  5.0
Dodging        | 4 7 10 | 10.2
Stealth        | |  2.0

Action                     |  1- 3 |  4- 6 |  7- 9 | 10-12 | 13-15 | 16-18 || total
---------------------------+-------+-------+-------+-------+-------+-------++-------
  Melee: Dagger            |       |    16 |     6 |    12 |     7 |       ||    41
         Falchion          |       |       |       |       |     2 |    34 ||    36
   Cast: Sandblast         |    50 |    77 |   220 |   298 |   505 |   183 ||  1333
         Brom's Barrelling |       |       |     1 |     1 |    66 |     8 ||    76
         Stone Arrow       |       |       |       |    45 |   239 |    31 ||   315
         Animate Dead      |       |       |       |    12 |     3 |       ||    15
         Passwall          |       |       |       |     2 |     1 |       ||     3
         Death Channel     |       |       |       |       |    16 |     6 ||    22
         Borgnjor's Vile C |       |       |       |       |    79 |    45 ||   124
 Invoke: Unearth Wretches  |       |       |       |     1 |       |       ||     1
         Receive Forbidden |       |       |       |       |     1 |       ||     1
  Evoke: Wand              |       |     2 |     6 |    10 |    30 |       ||    48
         Phial of floods   |       |       |       |       |     2 |       ||     2
    Use: Scroll            |       |       |     6 |    12 |     9 |     4 ||    31
         Potion            |       |       |     1 |       |     4 |     5 ||    10
   Stab: Sleeping          |       |     1 |       |       |       |       ||     1
         Paralysed         |       |       |       |     1 |       |       ||     1
 Armour: Robe              |     9 |    42 |    83 |   300 |    68 |       ||   502
         Leather armour    |       |       |       |       |   678 |   252 ||   930
  Dodge: Dodged            |    16 |    43 |    69 |   212 |   579 |   166 ||  1085
